 Dungeon Crawl Stone Soup version 0.23-a0-681-g26ad783 (webtiles) character file.

171 gruber the Charmwright (level 5, 0/43 HPs)
             Began as a Gnoll Skald on Jan 10, 2019.
             Slain by a centaur (6 damage)
             ... on level 3 of the Dungeon.
             The game lasted 00:05:05 (1851 turns).

gruber the Charmwright (Gnoll Skald)                Turns: 1851, Time: 00:05:06

Health: 0/43       AC:  4    Str: 18    XL:     5   Next: 51%
Magic:  0/12       EV: 14    Int: 16    God:
Gold:   95         SH:  0    Dex: 15    Spells: 5/14 levels left

rFire    . . .     SeeInvis .   a - +0 spear
rCold    . . .     Gourm    .   (no shield)
rNeg     . . .     Faith    .   b - +0 leather armour
rPois    .         Spirit   .   (no helmet)
rElec    .         Reflect  .   m - +0 cloak
rCorr    .         Harm     .   (no gloves)
MR       .....                  (no boots)
Stlth    ++........             (no amulet)
HPRegen  0.14/turn              (no ring)
MPRegen  0.13/turn              (no ring)

@: mighty, infused
A: distributed training, fangs 1, strong nose
a: no special abilities


You were on level 3 of the Dungeon.
You were hungry.

You visited 1 branch of the dungeon, and saw 3 of its levels.

You collected 95 gold pieces.

Inventory:

Hand Weapons
 a - a +0 spear (weapon)
 o - a +1 hand axe of venom
Armour
 b - a +0 leather armour (worn)
 m - a +0 cloak (worn)
Jewellery
 p - a cursed -3 ring of protection {unknown}
Scrolls
 e - a scroll of blinking {unknown}
 f - 4 scrolls of identify {unknown}
 h - a scroll of immolation {unknown}
 k - a scroll of amnesia {unknown}
 l - a scroll of noise {unknown}
 n - a scroll of remove curse {unknown}
 r - a scroll of fog {unknown}
 s - a scroll of enchant weapon {unknown}
Potions
 c - a potion of cancellation {unknown}
 g - a potion of lignification {unknown}
 i - 2 potions of might
 j - a potion of degeneration {unknown}
 q - a potion of brilliance {unknown}
 t - a potion of invisibility {unknown}
Comestibles
 d - 4 rations


   Skills:
 + Level 4.8 Fighting
 + Level 1.5 Short Blades
 + Level 1.5 Long Blades
 + Level 1.5 Axes
 + Level 1.5 Maces & Flails
 + Level 4.8 Polearms
 + Level 1.5 Staves
 + Level 1.5 Slings
 + Level 1.5 Bows
 + Level 1.5 Crossbows
 + Level 1.5 Throwing
 + Level 3.0 Armour
 + Level 4.8 Dodging
 + Level 1.5 Stealth
 + Level 1.5 Shields
 + Level 1.5 Unarmed Combat
 + Level 5.2 Spellcasting
 + Level 1.2 Conjurations
 + Level 1.2 Hexes
 + Level 5.5 Charms
 + Level 1.2 Summonings
 + Level 1.2 Necromancy
 + Level 1.2 Translocations
 + Level 1.2 Transmutations
 + Level 1.2 Fire Magic
 + Level 1.2 Ice Magic
 + Level 1.2 Air Magic
 + Level 1.2 Earth Magic
 + Level 1.2 Poison Magic
 + Level 1.7 Invocations
 + Level 1.5 Evocations


You had 5 spell levels left.
You knew the following spells:

 Your Spells              Type           Power        Failure   Level  Hunger
a - Infusion              Chrm           ###.         1%          1    None
b - Shroud of Golubria    Chrm/Tloc      ###.......   7%          2    #......
c - Regeneration          Chrm/Necr      ###.......   13%         3    ###....
d - Spectral Weapon       Hex/Chrm       ###.....     13%         3    ###....

Your spell library contained the following spells:

 Spells                   Type           Power        Failure   Level  Hunger
 Song of Slaying          Chrm           ###.....     2%          2    #......


Dungeon Overview and Level Annotations

Branches:
Dungeon (3/15)

Altars:
Nemelex Xobeh
Xom

Annotations:
D:2 Sigmund


Innate Abilities, Weirdness & Mutations

Your experience applies equally to all skills.
You have very sharp teeth.
Your uncanny sense of smell can sniff out nearby items.


Message History

You hit the centaur but do no damage. Your bite misses the centaur.
The centaur is moderately wounded.
The centaur hits you.
You hit the centaur but do no damage.
The centaur is moderately wounded.
Your skin stops crawling.
The centaur closely misses you.
It was a potion of might.
You feel very mighty all of a sudden. The centaur barely misses you.
The centaur hits you!
* * * LOW HITPOINT WARNING * * *
Unknown command.
Unknown command.
You puncture the centaur! You bite the centaur, but do no damage.
The centaur is almost dead.
The centaur hits you but does no damage.
You hit the centaur.
The centaur is almost dead.
The centaur hits you.
You die...

#...#. #..... #.....
##### ∆ #.....##...
.......... ∆ #.#
.........# #.#
........o####### #.#
#..ooc@.(.# #.#
#.#.#####.# #.# #.#.#
#.# #.# #.#.# #.# #.#
#.#.#####.####.########
#.#....................
#######################
∆


You could see a centaur and 3 orcs.

Vanquished Creatures
  An orc wizard (D:3)
  4 gnolls (D:2)
  4 adders
  An ooze (D:2)
  A worm (D:2)
  A dart slug (D:2)
  4 leopard geckos
  3 bats
  A giant cockroach (D:3)
  4 goblins
  10 hobgoblins
  4 jackals (D:1)
  3 kobolds
  2 quokkas
  7 frilled lizards
  7 rats
57 creatures vanquished.

Vanquished Creatures (others)
  A spectral weapon (D:3)
1 creature vanquished.

Grand Total: 58 creatures vanquished

Notes
Turn   | Place    | Note
-------+----------+-------------------------------------------
     0 | D:1      | gruber the Gnoll Skald began the quest for the Orb.
     0 | D:1      | Reached XP level 1. HP: 20/20 MP: 6/6
   126 | D:1      | Reached XP level 2. HP: 23/26 MP: 7/7
   374 | D:1      | Reached XP level 3. HP: 28/31 MP: 9/9
   378 | D:1      | Learned a level 2 spell: Shroud of Golubria
   382 | D:1      | Learned a level 3 spell: Regeneration
   386 | D:1      | Learned a level 3 spell: Spectral Weapon
   614 | D:1      | Reached skill level 5 in Spellcasting
   925 | D:2      | Reached skill level 1 in Invocations
  1043 | D:2      | Reached skill level 1 in Short Blades
  1043 | D:2      | Reached skill level 1 in Long Blades
  1043 | D:2      | Reached skill level 1 in Axes
  1043 | D:2      | Reached skill level 1 in Maces & Flails
  1043 | D:2      | Reached skill level 1 in Staves
  1043 | D:2      | Reached skill level 1 in Slings
  1043 | D:2      | Reached skill level 1 in Bows
  1043 | D:2      | Reached skill level 1 in Crossbows
  1043 | D:2      | Reached skill level 1 in Throwing
  1043 | D:2      | Reached skill level 1 in Stealth
  1043 | D:2      | Reached skill level 1 in Shields
  1043 | D:2      | Reached skill level 1 in Unarmed Combat
  1043 | D:2      | Reached skill level 1 in Evocations
  1043 | D:2      | Reached XP level 4. HP: 30/38 MP: 11/11
  1250 | D:2      | Reached skill level 1 in Conjurations
  1250 | D:2      | Reached skill level 1 in Hexes
  1250 | D:2      | Reached skill level 1 in Summonings
  1250 | D:2      | Reached skill level 1 in Necromancy
  1250 | D:2      | Reached skill level 1 in Translocations
  1250 | D:2      | Reached skill level 1 in Transmutations
  1250 | D:2      | Reached skill level 1 in Fire Magic
  1250 | D:2      | Reached skill level 1 in Ice Magic
  1250 | D:2      | Reached skill level 1 in Air Magic
  1250 | D:2      | Reached skill level 1 in Earth Magic
  1250 | D:2      | Reached skill level 1 in Poison Magic
  1291 | D:2      | Found a sparkling altar of Nemelex Xobeh.
  1317 | D:2      | Found a shimmering altar of Xom.
  1561 | D:2      | Noticed Sigmund
  1598 | D:3      | Reached XP level 5. HP: 43/43 MP: 8/12
  1824 | D:3      | Noticed a centaur
  1851 | D:3      | Slain by a centaur

Vault maps used:
D:1:      dpeg_arrival_tiny_c, minmay_statues_item,
          chequers_hall_statues_wall_a, minmay_misc_feat_pillars
D:2:      nicolae_overflow_hidden_temple, lemuel_round_altar, uniq_sigmund
D:3:      lemuel_upstairs_altar, grunt_temple_overflow_order_and_chaos_2,
          lemuel_coloured_pillars_altar, first_ration

Skill      XL: |  1  2  3  4  5 |
---------------+----------------+-----
Spellcasting   | 5 |  5.2
Invocations    | 1 |  1.7
Short Blades   | 1 |  1.5
Long Blades    | 1 |  1.5
Axes           | 1 |  1.5
Maces & Flails | 1 |  1.5
Staves         | 1 |  1.5
Slings         | 1 |  1.5
Bows           | 1 |  1.5
Crossbows      | 1 |  1.5
Throwing       | 1 |  1.5
Stealth        | 1 |  1.5
Shields        | 1 |  1.5
Unarmed Combat | 1 |  1.5
Evocations     | 1 |  1.5
Conjurations   | 1 |  1.2
Hexes          | 1 |  1.2
Summonings     | 1 |  1.2
Necromancy     | 1 |  1.2
Translocations | 1 |  1.2
Transmutations | 1 |  1.2
Fire Magic     | 1 |  1.2
Ice Magic      | 1 |  1.2
Air Magic      | 1 |  1.2
Earth Magic    | 1 |  1.2
Poison Magic   | 1 |  1.2
Armour         | 3 |  3.0
Fighting       | |  4.8
Polearms       | |  4.8
Dodging        | |  4.8
Charms         | |  5.5

Action                   |  1- 3 |  4- 6 || total
-------------------------+-------+-------++-------
Melee: Spear             |   125 |    43 ||   168
       Bite              |    13 |     7 ||    20
       Hand axe          |    12 |    20 ||    32
 Cast: Infusion          |     5 |     2 ||     7
       Spectral Weapon   |       |     6 ||     6
       Regeneration      |       |     3 ||     3
       Shroud of Golubri |       |     1 ||     1
  Use: Potion            |       |     1 ||     1
 Stab: Sleeping          |     1 |     1 ||     2
  Eat: Chunk             |       |     3 ||     3
Armor: Leather armour    |    17 |     9 ||    26
Dodge: Dodged            |    71 |    33 ||   104

Table legend:
 A = Non-vault XP
 B = Vault XP
 C = Vault XP percentage of total XP
 D = Non-vault monster count
 E = Vault monster count
 F = Vault count percentage of total count
                 A         B        C        D         E       F
            +---------+---------+-------+---------+---------+-------
      Total |     245 |       0 |   0.0 |      57 |       0 |   0.0
            +---------+---------+-------+---------+---------+-------
        D:1 |      49 |       0 |   0.0 |      28 |       0 |   0.0
        D:2 |     113 |       0 |   0.0 |      18 |       0 |   0.0
        D:3 |      83 |       0 |   0.0 |      11 |       0 |   0.0
            +---------+---------+-------+---------+---------+-------
